 Dungeon Crawl Stone Soup version 0.23.1 (webtiles) character file.

Game seed: 1366136372163088929

268 Borgoz the Sneak (level 6, -6/50 (51) HPs)
             Began as a Ghoul Assassin on Mar 9, 2019.
             Mangled by Edmund
             ... wielding a +3 dire flail of protection
              (8 damage)
             ... on level 4 of the Dungeon.
             The game lasted 00:04:41 (3454 turns).

Borgoz the Sneak (Ghoul Assassin)                   Turns: 3454, Time: 00:04:42

HP:   -6/50 (51)    AC: 12    Str: 15    XL:     6   Next: 21%
MP:   5/5           EV:  7    Int:  6    God:
Gold: 141           SH:  0    Dex: 12    Spells: 5/5 levels left

rFire    . . .     SeeInvis .   a - +2 dagger
rCold    + . .     Gourm    .   (no shield)
rNeg     + + +     Faith    .   j - +0 chain mail
rPois    ∞         Spirit   .   r - +0 helmet
rElec    .         Reflect  .   d - +0 cloak
rCorr    .         Harm     .   i - +0 pair of gloves
MR       .....                  (no boots)
Stlth    ..........             (no amulet)
HPRegen  0.00/turn              (no ring)
MPRegen  0.09/turn              (no ring)

@: rotting
A: rotting body, claws 1, carnivore, cold resistance 1, negative energy
resistance 3, inhibited regeneration, torment resistance, unbreathing
a: no special abilities


You were on level 4 of the Dungeon.
You were not hungry.

You visited 1 branch of the dungeon, and saw 4 of its levels.
You also visited: Sewer.

You collected 141 gold pieces.

Inventory:

Hand Weapons
 a - a +2 dagger (weapon)
 b - a +0 blowgun
Missiles
 e - 10 poisoned needles
 f - 2 curare-tipped needles
Armour
 d - a +0 cloak (worn)
 i - a +0 pair of gloves (worn)
 j - a +0 chain mail (worn)
 r - a +0 helmet (worn)
Scrolls
 h - 3 scrolls of teleportation {unknown}
 o - a scroll of magic mapping {unknown}
 p - 3 scrolls of identify {unknown}
Potions
 k - 2 potions of flight
 l - a potion of curing
 n - 2 potions of brilliance
Comestibles
 g - 4 rations


   Skills:
 + Level 3.1 Fighting
 * Level 3.3 Short Blades
 - Level 1.7 Throwing
 * Level 2.4 Armour
 * Level 2.7 Dodging
 + Level 5.0 Stealth


You had 5 spell levels left.
You didn't know any spells.
Your spell library was empty.

Dungeon Overview and Level Annotations

Branches:
Dungeon (4/15)
 Temple: D:4-7

Altars:

Annotations:
D:4 Edmund


Innate Abilities, Weirdness & Mutations

Your body is rotting away.
You thrive on raw meat.
You are immune to poison.
You have sharp fingernails.
You are carnivorous and can eat meat at any time.
Your flesh is cold resistant. (rC+)
You are immune to negative energy. (rN+++)
You do not regenerate when monsters are visible.
You are immune to unholy pain and torment.
You can survive without breathing.


Message History

You shoot a poisoned needle. The poisoned needle hits Edmund.
Edmund is poisoned.
Edmund is almost dead.
Edmund hits you but does no damage.
a - a +2 dagger (weapon)
Edmund hits you with a +3 dire flail of protection.
* * * LOW HITPOINT WARNING * * *
Edmund looks more healthy.
You closely miss Edmund.
Edmund is almost dead.
You hit Edmund.
Edmund is almost dead.
Edmund hits you but does no damage.
Your chain mail prevents you from hitting Edmund.
Edmund is almost dead.
Edmund hits you but does no damage.
You hit Edmund but do no damage.
Edmund is almost dead.
Edmund hits you with a +3 dire flail of protection!
You die...

..#....#..##.#.##(# #.......# .
#.#......#.#.##.#####.......#
#....#.###.#.#(.............##
^.######..>......#.............#
........(....#.#.#@######.####.#
#.########...#.#.#.#.........#
#.#.#.#.#(#.####.####
#.#.#.#@#.#.# #.#
#.#.#.#@#(#.####.#
#.#.#.#.#.#......#
#.#.#.#.#.#.###### #.#.#.......#
..#.###.#.#.# #.....#.#.#
#######(#.# #....(....#
#.#####...#


You could see Edmund.

Vanquished Creatures
  A big kobold (Sewer)
  Jessica (D:3)
  2 worker ants (D:4)
  3 gnolls
  4 adders
  2 river rats
  2 worms
  A dart slug (D:3)
  3 leopard geckos
  3 giant cockroaches
  3 goblins
  3 hobgoblins (D:1)
  3 jackals
  7 kobolds
  A bat (D:2)
  2 frilled lizards
  8 rats
49 creatures vanquished.

Notes
Turn   | Place    | Note
-------+----------+-------------------------------------------
     0 | D:1      | Borgoz the Ghoul Assassin began the quest for the Orb.
     0 | D:1      | Reached XP level 1. HP: 17/17 MP: 0/0
   137 | D:1      | Reached skill level 1 in Dodging
   552 | D:1      | Reached XP level 2. HP: 24/24 MP: 1/1
  1131 | D:2      | Reached skill level 1 in Armour
  1131 | D:2      | Reached XP level 3. HP: 19/29 MP: 2/2
  1657 | D:2      | Reached XP level 4. HP: 37/37 MP: 3/3
  2127 | D:3      | Found a glowing drain.
  2174 | Sewer    | Entered a sewer
  2385 | Sewer    | Noticed a big kobold
  2412 | Sewer    | Killed a big kobold
  2412 | Sewer    | Reached XP level 5. HP: 32/43 MP: 4/4
  2457 | Sewer    | Found a white marble altar of Elyvilon.
  2690 | D:3      | Noticed Jessica
  2716 | D:3      | Killed Jessica
  3140 | D:4      | Reached XP level 6. HP: 33/51 MP: 5/5
  3315 | D:4      | Reached skill level 5 in Stealth
  3347 | D:4      | Noticed Edmund
  3441 | D:4      | HP: 2/50 [Edmund/+3 dire flail of protection (3)]
  3454 | D:4      | Mangled by Edmund

Skill      XL: |  1  2  3  4  5  6 |
---------------+-------------------+-----
Dodging        | 1 2 |  2.7
Short Blades   | 2 3 |  3.3
Armour         | 1 2 |  2.4
Fighting       | 3 |  3.1
Stealth        | 5 |  5.0
Throwing       | |  1.7

Action                   |  1- 3 |  4- 6 || total
-------------------------+-------+-------++-------
Melee: Dagger            |   112 |   250 ||   362
 Fire: Blowgun           |       |    15 ||    15
  Use: Potion            |       |     4 ||     4
       Scroll            |       |     2 ||     2
  Eat: Chunk             |     3 |     9 ||    12
Armor: Chain mail        |    59 |   125 ||   184
Dodge: Dodged            |    25 |    61 ||    86
